 Dungeon Crawl Stone Soup version 0.24.0-1-gfbc8707122 (webtiles) character file.

Game seed: 13131343274550621693, levelgen mode: deterministic

349 Arum the Chopper (level 6, -18/56 HPs)
             Began as a Minotaur Gladiator on Oct 27, 2019.
             Demolished by an orc warrior
             ... wielding a +0 halberd
              (20 damage)
             ... on level 3 of the Dungeon.
             The game lasted 00:02:57 (2027 turns).

Arum the Chopper (Minotaur Gladiator)               Turns: 2027, Time: 00:02:59

Health: -18/56     AC:  6    Str: 18    XL:     6   Next: 33%
Magic:  5/5        EV: 13    Int:  5    God:
Gold:   70         SH:  0    Dex: 14    Spells: 5/5 levels left

rFire    . . .     SeeInvis .   a - +0 war axe
rCold    . . .     Gourm    .   (no shield)
rNeg     . . .     Faith    .   p - +0 ring mail
rPois    .         Spirit   .   c - +0 hat
rElec    .         Reflect  .   n - +0 cloak
rCorr    .         Harm     .   (no gloves)
MR       .....                  (no boots)
Stlth    +.........             (no amulet)
HPRegen  0.18/turn              (no ring)
MPRegen  0.09/turn              (no ring)

@: no status effects
A: retaliatory headbutt, horns 2
a: no special abilities


You were on level 3 of the Dungeon.
You were not hungry.

You visited 1 branch of the dungeon, and saw 3 of its levels.

You collected 70 gold pieces.

Inventory:

Hand Weapons
 a - a +0 war axe (weapon)
Missiles
 d - 2 throwing nets (quivered)
Armour
 c - a +0 hat (worn)
 n - a +0 cloak (worn)
 p - a +0 ring mail (worn)
Scrolls
 g - a scroll of noise {unknown}
 h - a scroll of teleportation {unknown}
 i - a scroll of enchant weapon {unknown}
 k - 2 scrolls of identify {unknown}
 l - a scroll of amnesia {unknown}
 q - a scroll of remove curse {unknown}
Potions
 b - a potion of might {unknown}
 e - 4 potions of curing {unknown}
 j - a potion of cancellation {unknown}
 m - a potion of invisibility {unknown}
 o - a potion of ambrosia {unknown}
 r - a potion of magic {unknown}
Comestibles
 f - 4 rations
 s - 2 chunks of flesh


   Skills:
 + Level 5.1 Fighting
 + Level 5.7 Axes
 - Level 2.0 Throwing
 + Level 5.3 Dodging


You had 5 spell levels left.
You didn't know any spells.
Your spell library was empty.

Dungeon Overview and Level Annotations

Branches:
Dungeon (3/15)

Altars:
Ashenzari
Fedhas
Qazlal


Innate Abilities, Weirdness & Mutations

You reflexively headbutt those who attack you in melee.
You have a pair of horns on your head.


Message History

The orc warrior hits you with a +0 halberd!!
You barely miss the orc warrior.
You headbutt the orc warrior, but do no damage.
The orc warrior is heavily wounded.
The orc warrior hits you but does no damage.
The orc warrior misses you. You furiously retaliate!
You headbutt the orc warrior.
You hit the orc warrior but do no damage.
The orc warrior is severely wounded.
The orc priest invokes the aid of Beogh against you.
Beogh smites you!
* * * LOW HITPOINT WARNING * * *
The orc warrior hits you but does no damage.
You hit the orc warrior but do no damage.
The orc warrior is severely wounded.
The orc priest invokes the aid of Beogh against you.
Beogh smites you!
* * * LOW HITPOINT WARNING * * *
The orc warrior hits you with a +0 halberd!!
You die...

### #.. #.# #o# ########
#o# .......# #@#
.......# #.#
.......#########.####..
......†+................
......(###.#.....(...?..
.......(.....##..#######
.......###†#........
.......+.....#######
.......###...#


You could see an orc warrior and an orc priest.

Vanquished Creatures
  Sigmund (D:2)
  Jessica (D:2)
  Natasha (D:3)
  Terence (D:2)
  5 adders
  A worm (D:2)
  2 dart slugs (D:2)
  3 leopard geckos
  An orc (D:3)
  5 goblins
  6 hobgoblins
  4 jackals (D:2)
  2 quokkas (D:2)
  A ball python (D:2)
  10 bats
  7 frilled lizards
  12 kobolds
  8 rats
71 creatures vanquished.

Notes
Turn   | Place    | Note
-------+----------+-------------------------------------------
     0 | D:1      | Arum the Minotaur Gladiator began the quest for the Orb.
     0 | D:1      | Reached XP level 1. HP: 18/18 MP: 0/0
   183 | D:1      | Reached XP level 2. HP: 21/25 MP: 1/1
   617 | D:1      | Reached XP level 3. HP: 30/31 MP: 2/2
  1164 | D:2      | Noticed Terence
  1171 | D:2      | Killed Terence
  1171 | D:2      | Reached XP level 4. HP: 39/40 MP: 3/3
  1209 | D:2      | Noticed Sigmund
  1222 | D:2      | Killed Sigmund
  1222 | D:2      | Reached skill level 5 in Axes
  1222 | D:2      | Reached skill level 5 in Dodging
  1222 | D:2      | Reached XP level 5. HP: 17/47 MP: 4/4
  1460 | D:2      | Noticed Jessica
  1463 | D:2      | Killed Jessica
  1463 | D:2      | Reached XP level 6. HP: 55/55 MP: 5/5
  1628 | D:2      | Found a shattered altar of Ashenzari.
  1853 | D:3      | Found a stormy altar of Qazlal.
  1860 | D:3      | Found a blossoming altar of Fedhas.
  1878 | D:3      | Noticed Natasha
  1884 | D:3      | Killed Natasha
  1884 | D:3      | Reached skill level 5 in Fighting
  2015 | D:3      | Noticed an orc warrior
  2027 | D:3      | HP: 2/56 [orc priest/divine providence (12)]
  2027 | D:3      | Demolished by an orc warrior

Levels and vault maps discovered:
D:1:      eino_arrival_tree_alley, layout_loops_corners, minmay_domino_2
D:2:      layout_rooms, nicolae_overflow_hidden_temple, uniq_jessica,
          uniq_terence, uniq_sigmund
D:3:      layout_basic, grunt_temple_overflow_forces_of_nature, uniq_natasha

Skill      XL: |  1  2  3  4  5  6 |
---------------+-------------------+-----
Axes           | 4 5 |  5.7
Fighting       | 3 4 5 |  5.1
Dodging        | 4 5 |  5.3
Throwing       | |  2.0

Action                   |  1- 3 |  4- 6 || total
-------------------------+-------+-------++-------
Melee: War axe           |    80 |    55 ||   135
       Headbutt          |     7 |    11 ||    18
Throw: Throwing net      |       |     1 ||     1
 Stab: Sleeping          |     1 |       ||     1
  Eat: Chunk             |     1 |     3 ||     4
Armor: Leather armour    |    33 |     6 ||    39
       Ring mail         |       |    11 ||    11
Dodge: Dodged            |    56 |    35 ||    91
